 Dungeon Crawl Stone Soup version 0.19.4 (webtiles) character file.

6113 ToldLengthways the Grappler (level 10, -1/81 HPs)
             Began as a Ghoul Monk on Feb 1, 2017.
             Was an Elder of Makhleb.
             Slain by Grum
             ... wielding a -1 spear
              (10 damage)
             ... on level 9 of the Dungeon.
             The game lasted 00:28:43 (10533 turns).

ToldLengthways the Grappler (Ghoul Monk)           Turns: 10533, Time: 00:28:43

Health: -1/81      AC: 11    Str: 16    XL:     10   Next: 89%
Magic:  11/11      EV: 11    Int:  5    God:    Makhleb [****..]
Gold:   263        SH:  5    Dex: 14    Spells: 0 memorised, 9 levels left

rFire  . . .     SeeInvis .       - Unarmed
rCold  + + .     Gourm    .     o - +0 scale mail
rNeg   + + +     Faith    .     A - +0 buckler
rPois  ∞         Spirit   .     (no helmet)
rElec  .         Reflect  .     g - +0 cloak
rCorr  .         Harm     .     X - +2 pair of gloves
MR     .....                    F - +0 pair of boots
Stlth  ..........               (no amulet)
                                H - ring of loudness (curse)
                                l - ring of protection from cold

@: rotting
A: rotting body, claws 1, carnivore 3, cold resistance 1, negative energy
resistance 3, slow regeneration 1, torment resistance, unbreathing
a: Minor Destruction, Lesser Servant of Makhleb, Major Destruction, Renounce
Religion


You were on level 9 of the Dungeon.
You worshipped Makhleb.
Makhleb was greatly pleased with you.
You were not hungry.

You visited 2 branches of the dungeon, and saw 10 of its levels.
You also visited: Sewer.

You collected 339 gold pieces.
You spent 76 gold pieces at shops.

Inventory:

Hand Weapons
 p - a +2 dagger of venom
 O - the +7 dagger of Division {flame, Dex+2}
   (You found it on level 7 of the Dungeon)

   It has been specially enchanted to burn those struck by it, causing extra
   injury to most foes and up to half again as much damage against particularly
   susceptible opponents.
   It affects your dexterity (+2).
Missiles
 D - 5 tomahawks (quivered)
 U - 6 poisoned javelins
Armour
 a - a +0 robe
 g - a +0 cloak (worn)
 j - a +0 leather armour
 o - a +0 scale mail (worn)
 w - a +2 leather armour of cold resistance
 A - a +0 buckler (worn)
 F - a +0 pair of boots (worn)
 T - a +0 chain mail
 X - a +2 pair of gloves (worn)
Jewellery
 l - a ring of protection from cold (left hand)
 H - a cursed ring of loudness (right hand)
 L - an uncursed amulet of rage {unknown}
Wands
 G - a wand of flame (29/48)
 M - a wand of lightning (5/15)
 P - a wand of slowing (22/48)
Scrolls
 c - a scroll of fog {unknown}
 e - a scroll of enchant armour {unknown}
 f - 2 scrolls of immolation {unknown}
 m - 3 scrolls of teleportation {unknown}
 n - 7 scrolls of identify
 q - 2 scrolls of fear {unknown}
 r - 3 scrolls of amnesia {unknown}
 t - a scroll of blinking {unknown}
 v - a scroll of random uselessness {unknown}
 y - 2 scrolls of recharging {unknown}
 J - 2 scrolls of remove curse {unknown}
 K - a scroll of vulnerability {unknown}
 Z - a scroll of enchant weapon {unknown}
Potions
 d - 2 potions of agility
 i - 2 potions of ambrosia
 k - a potion of haste
 s - 2 potions of might
 u - a potion of brilliance
 z - 3 potions of curing
 B - 2 potions of flight
 C - 3 potions of heal wounds {unknown}
 I - a potion of lignification {unknown}
 N - a potion of degeneration {unknown}
 W - a potion of magic {unknown}
 Y - a potion of resistance
Books
 x - a book of Changes

   Spells                             Type                      Level
   a - Beastly Appendage              Transmutation                1
   b - Sticks to Snakes               Transmutation                2
   c - Spider Form                    Transmutation/Poison         3
   d - Ice Form                       Ice/Transmutation            4
   e - Blade Hands                    Transmutation                5
 Q - a book of Minor Magic

   Spells                             Type                      Level
   a - Magic Dart                     Conjuration                  1
   b - Blink                          Translocation                2
   c - Call Imp                       Summoning                    2
   d - Repel Missiles                 Charms/Air                   2
   e - Slow                           Hexes                        2
   f - Conjure Flame                  Conjuration/Fire             3
   g - Mephitic Cloud                 Conjuration/Poison/Air       3
 R - a book of Misfortune

   Spells                             Type                      Level
   a - Confusing Touch                Hexes                        1
   b - Confuse                        Hexes                        3
   c - Gell's Gravitas                Hexes/Translocation          3
   d - Petrify                        Transmutation/Earth          4
   e - Metabolic Englaciation         Hexes/Ice                    5
   f - Yara's Violent Unravelling     Hexes/Transmutation          5
 V - a book of Frost

   Spells                             Type                      Level
   a - Freeze                         Ice                          1
   b - Throw Frost                    Conjuration/Ice              2
   c - Ozocubu's Armour               Charms/Ice                   3
   d - Throw Icicle                   Conjuration/Ice              4
   e - Summon Ice Beast               Ice/Summoning                4
Comestibles
 b - 3 meat rations
 h - 4 beef jerkies
 E - a slice of pizza
 S - 3 chunks of flesh


   Skills:
 + Level 5.2 Fighting
 + Level 0.8 Throwing
 - Level 2.0 Armour
 - Level 4.2 Dodging
 - Level 2.1 Stealth
 + Level 3.0 Shields
 + Level 14.9 Unarmed Combat
 * Level 3.1 Invocations


You had 9 spell levels left.
You didn't know any spells.

Dungeon Overview and Level Annotations

Branches:
Dungeon (9/15)             Temple (1/1) D:5
   Lair: D:8-11         Orc: D:9-12

Altars:
Ashenzari
Cheibriados
Dithmenos
Elyvilon
Fedhas
Gozag
Hepliaklqana
Kikubaaqudgha
Makhleb
Nemelex Xobeh
Okawaru
Qazlal
Ru
Sif Muna
Trog
Uskayaw
Vehumet
Xom
Yredelemnul
The Shining One

Shops:
D:4 *   D:5 *

Annotations:
D:5 Dowan, Duvessa
D:9 Grum


Innate Abilities, Weirdness & Mutations

Your body is rotting away.
You thrive on raw meat.
You are immune to poison.
You have sharp fingernails.
You are carnivorous and can eat meat at any time.
Your flesh is cold resistant. (rC+)
You are immune to negative energy. (rN+++)
You regenerate slowly when monsters are visible.
You are immune to unholy pain and torment.
You can survive without breathing.


Message History

The wolf is moderately wounded.
The wolf bites you.
* * * LOW HITPOINT WARNING * * *
The wolf bites you.
* * * LOW HITPOINT WARNING * * *
You are too injured to fight recklessly!
The wolf barely misses you.
The wolf stops to sniff the ground.
The wolf closely misses you. The wolf closely misses you. The wolf bites you.
* * * LOW HITPOINT WARNING * * *
The wolf bites you.
* * * LOW HITPOINT WARNING * * *
The wolf closely misses you. The wolf bites you but does no damage.
You block the wolf's attack.
A demon appears!
The wolf closely misses you. Grum hits you from afar with a spear!
You die...

. ##.##.####g♣≈≈≈♣......#.
#..##.h...P♣♣≈≈≈♣.#.###. ###
#.###.###..♣≈≈≈♣≈♣...... #.≈♣
#.# #.# ##...♣≈≈≈P#.###.
##.P.##.###.# #P..♣.≈..#.....
#.≈≈≈......h# ##P.♣.÷..###...
#.P.≈.#.##### ##P.....##....
#..P....#########.......#.....
+.........hgh@3....P....+.....
####....#########....####.....
##.#.# #....## ##.... ###.#
#.....# ##... #...# #.....#
##.. .....# #.....# ##+
#.....# ##...## #. #.....#
##.## #. ##...## ##.## ##.


You could see Grum, 2 wolves and a friendly smoke demon.

Vanquished Creatures
  Erica (D:8)
  The ghost of kapaex the Slasher, a novice HuFi of Okawaru (D:6)
  Joseph (D:7)
  A hippogriff (D:8)
  An ice beast (D:5)
  2 orc warriors
  3 phantoms
  3 sky beasts
  A wolf (D:9)
  8 ogres
  2 centaurs
  3 big kobolds
  7 bullfrogs
  A gnoll sergeant (D:8)
  4 scorpions
  11 wights
  A howler monkey (D:5)
  An electric eel (D:9)
  2 crimson imps
  A bullfrog zombie (D:5)
  A jelly (D:7)
  A centaur skeleton (D:4)
  5 hounds
  5 orc priests
  Crazy Yiuf (D:2)
  2 iguanas
  6 orc wizards
  8 worker ants
  2 hound skeletons
  A worker ant zombie (D:6)
  A howler monkey skeleton (D:9)
  13 gnolls
  6 adders
  A shadow imp (D:5)
  2 oozes
  2 adder skeletons
  2 dart slugs (D:2)
  6 leopard geckos
  29 orcs
  7 bats
  3 giant cockroaches
  6 goblins
  6 hobgoblins
  5 jackals
  5 quokkas
  5 ball pythons
  9 frilled lizards
  A jackal skeleton (D:4)
  19 kobolds
  12 rats
227 creatures vanquished.

Notes
Turn   | Place    | Note
-------+----------+-------------------------------------------
     0 | D:1      | ToldLengthways the Ghoul Monk began the quest for the Orb.
     0 | D:1      | Reached XP level 1. HP: 19/19 MP: 0/0
   244 | D:1      | Reached XP level 2. HP: 22/26 MP: 1/1
   959 | D:2      | Reached XP level 3. HP: 33/33 MP: 2/2
  1348 | D:2      | Found a runed door.
  1527 | D:2      | Reached skill level 1 in Armour
  1747 | D:2      | Noticed Crazy Yiuf
  1755 | D:2      | Killed Crazy Yiuf
  1755 | D:2      | Reached skill level 4 in Unarmed Combat
  1755 | D:2      | Reached XP level 4. HP: 23/40 MP: 3/3
  1915 | D:3      | Found a shimmering altar of Xom.
  2020 | D:3      | Reached XP level 5. HP: 36/46 MP: 4/4
  2145 | D:3      | Reached skill level 5 in Unarmed Combat
  2909 | D:3      | Found an iron altar of Okawaru.
  3148 | D:3      | Reached XP level 6. HP: 52/52 MP: 5/5
  3461 | D:4      | Found Duwi's General Store.
  3464 | D:4      | Bought a scroll of identify for 26 gold pieces
  3555 | D:4      | Found a glowing drain.
  3559 | Sewer    | Entered a sewer
  3651 | Sewer    | Reached skill level 6 in Unarmed Combat
  3827 | Sewer    | Found a white marble altar of Elyvilon.
  4142 | D:4      | Reached XP level 7. HP: 58/58 MP: 6/6
  4186 | D:4      | Reached skill level 7 in Unarmed Combat
  4272 | D:4      | Reached skill level 1 in Shields
  4627 | D:5      | Entered Level 5 of the Dungeon
  4903 | D:5      | Noticed Duvessa
  4926 | D:5      | Noticed Dowan
  5153 | D:5      | Found a glowing golden altar of the Shining One.
  5179 | D:5      | Found Hirutopt's General Store.
  5190 | D:5      | Bought a beef jerky for 15 gold pieces
  5190 | D:5      | Bought a beef jerky for 15 gold pieces
  5190 | D:5      | Bought a scroll of identify for 20 gold pieces
  5213 | D:5      | Reached skill level 8 in Unarmed Combat
  5272 | D:5      | Reached XP level 8. HP: 54/66 MP: 7/7
  5677 | D:5      | Found a staircase to the Ecumenical Temple.
  5752 | Temple   | Entered the Ecumenical Temple
  5856 | Temple   | Became a worshipper of Makhleb the Destroyer
  5856 | Temple   | Reached * piety under Makhleb
  5856 | Temple   | Reached ** piety under Makhleb
  5891 | D:5      | Reached skill level 9 in Unarmed Combat
  6497 | D:6      | Noticed kapaex's ghost (novice HuFi)
  6554 | D:6      | Killed kapaex's ghost
  6554 | D:6      | Reached skill level 10 in Unarmed Combat
  6554 | D:6      | Reached XP level 9. HP: 23/72 MP: 0/8
  6816 | D:6      | Reached skill level 11 in Unarmed Combat
  7154 | D:6      | Found an opulent altar of Gozag.
  7322 | D:6      | Reached skill level 12 in Unarmed Combat
  7519 | D:6      | Reached skill level 1 in Invocations
  7554 | D:6      | Found a basalt altar of Yredelemnul.
  7554 | D:6      | Found a faded altar of an unknown god.
  7559 | D:6      | Found a faded altar of an unknown god.
  7561 | D:6      | Found a faded altar of an unknown god.
  7563 | D:6      | Found a faded altar of an unknown god.
  7616 | D:6      | Found a shattered altar of Ashenzari.
  7839 | D:6      | Reached *** piety under Makhleb
  8097 | D:7      | Got a faintly glowing dagger
  8099 | D:7      | Identified the +7 dagger of Division {flame, Dex+2} (You found it on level 7 of the Dungeon)
  8332 | D:7      | Found a sparkling altar of Nemelex Xobeh.
  8596 | D:7      | Reached skill level 13 in Unarmed Combat
  8624 | D:7      | Noticed Joseph
  8637 | D:7      | Killed Joseph
  8637 | D:7      | Reached XP level 10. HP: 49/79 MP: 9/9
  9176 | D:8      | Noticed Erica
  9186 | D:8      | Killed Erica
  9186 | D:8      | Reached skill level 5 in Fighting
  9186 | D:8      | Reached skill level 14 in Unarmed Combat
  9356 | D:8      | Reached **** piety under Makhleb
 10488 | D:9      | Noticed Grum
 10533 | D:9      | Slain by Grum

Skill      XL: |  1  2  3  4  5  6  7  8  9 10 |
---------------+-------------------------------+-----
Dodging        | 3 4 |  4.2
Armour         | 1 2 |  2.0
Unarmed Combat | 4 5 6 8 10 13 14 | 14.9
Fighting       | 4 5 |  5.2
Shields        | 1 2 3 |  3.0
Invocations    | 1 3 |  3.1
Throwing       | |  0.8
Stealth        | |  2.1

Action                   |  1- 3 |  4- 6 |  7- 9 | 10-12 || total
-------------------------+-------+-------+-------+-------++-------
Melee: Unarmed           |    95 |   217 |   372 |   264 ||   948
       Punch             |     3 |     2 |       |       ||     5
Throw: Tomahawk          |       |       |     5 |       ||     5
Invok: Minor Destruction |       |       |     2 |       ||     2
       Lesser Servant of |       |       |       |     1 ||     1
  Use: Scroll            |       |     1 |     7 |       ||     8
 Stab: Sleeping          |     4 |     3 |       |       ||     7
  Eat: Chunk             |     7 |     6 |    16 |     4 ||    33
Armor: Robe              |     2 |       |       |       ||     2
       Leather armour    |    12 |    36 |    56 |     2 ||   106
       Scale mail        |       |       |       |    45 ||    45
Dodge: Dodged            |    51 |   116 |   136 |    83 ||   386
Block: Buckler           |       |    11 |    47 |    40 ||    98
